 Dungeon Crawl Stone Soup version 0.31-a0-977-gc230f8ef24 (webtiles) character file.

Game seed: 7282314426478369243

51 skwerlee the Ruffian (level 4, -3/32 HPs)
             Began as a Djinni Shapeshifter on Oct 29, 2023.
             Slain by a cerulean imp
             ... wielding a +1 spear
             ... summoned by Natasha
              (7 damage)
             ... on level 2 of the Dungeon.
             The game lasted 00:01:52 (1186 turns).

skwerlee the Ruffian (Djinni Shapeshifter)          Turns: 1186, Time: 00:01:54

Health: -3/32      AC:  0    Str: 15    XL:     4   Next: 7%
Gold:   91         EV: 20    Int: 11    God:
                   SH:  0    Dex: 18

rFire   . .          .
                       - Unarmed
rCold   . . .        (shield currently unavailable)
rNeg    . . .        a - melded +0 animal skin
rPois   ∞            (helmet currently unavailable)
rElec   .            (cloak currently unavailable)
rCorr   .            (gloves currently unavailable)
SInv    .            (boots unavailable)
Will    .....        (no amulet)
Stlth   ++           (ring currently unavailable)
HPRegen 0.25/turn    (ring currently unavailable)
MPRegen 0.00/turn

%: infuse magic (-4 HP)
@: bat-form, flying, slowed, quick
A: fast, flying, no casting, sickness immunity, tiny, (fire resistance 2), (cold
vulnerability 1), float, innate caster, HP casting, extra vitality 1
a: no special abilities


You were on level 2 of the Dungeon.
You were a bat.
You visited 1 branch of the dungeon, and saw 2 of its levels.

You collected 91 gold pieces.

Inventory:

Armour
 a - a +0 animal skin (melded)
Jewellery
 g - a ring of willpower
Talismans
 c - a beast talisman
 d - a flux talisman
Scrolls
 e - a scroll of blinking {unknown}
 f - a scroll of identify {unknown}
 i - a scroll of poison {unknown}
Potions
 b - a potion of lignification
 h - a potion of heal wounds {unknown}
 j - a potion of invisibility {unknown}


   Skills:
 + Level 1.1 Fighting
 + Level 2.5 Dodging
 + Level 0.2 Stealth
 + Level 3.9 Unarmed Combat
 + Level 3.1 Shapeshifting


You knew the following spells:

 Your Spells              Type           Power      Damage    Failure   Level
a - Summon Small Mammal   Summ           0%         N/A       34%         1
Your spell library was empty.

Dungeon Overview and Level Annotations

Branches:
Dungeon (2/15)

Altars:

Annotations:
D:2 Natasha


Innate Abilities, Weirdness & Mutations

You are a bat.
You are tiny and dextrous.
You move quickly.
You are flying.
Your equipment is almost entirely melded.
You are incapable of wielding weapons or throwing items.
You cannot cast spells.
You are immune to sickness and miasma.
You are immune to poison.
((Your flesh is very heat resistant. (rF++)))
((You are vulnerable to cold. (rC-)))
You float through the air rather than walking.
You learn spells naturally, not from books.
Your magical power is your life essence.
You have superior vitality. (+4 MHP)


Message History

Natasha casts a spell at you.
You feel yourself slow down.
You hit Natasha.
Natasha is lightly wounded.
Natasha misses you.
Natasha casts a spell.
You hit Natasha.
Natasha is lightly wounded.
Natasha barely misses you. The cerulean imp barely misses you.
Unknown command.
You hit Natasha but do no damage.
Natasha is lightly wounded.
Natasha claws you.
The cerulean imp hits you with a +1 spear.
You barely miss Natasha.
Natasha is lightly wounded.
Natasha completely misses you.
The cerulean imp hits you with a +1 spear.
Natasha barely misses you. The cerulean imp misses you.
You hit Natasha.
Natasha is moderately wounded.
Natasha claws you! The cerulean imp completely misses you.
You barely miss Natasha.
Natasha is moderately wounded.
Natasha claws you.
* * * LOW HITPOINT WARNING * * *
The cerulean imp misses you.
You barely miss Natasha.
Natasha is moderately wounded.
Natasha claws you.
* * * LOW HITPOINT WARNING * * *
The cerulean imp barely misses you. The cerulean imp misses you.
Natasha misses you.
You closely miss Natasha.
Natasha is moderately wounded.
Natasha howls an incantation.
Natasha's front paws start to glow.
Natasha completely misses you.
The cerulean imp hits you with a +1 spear!
You die...

#.# #†#.# #.# #.#.#
#.#.# ####.###'#.#
#.<.# #..........#
#...# #.##.#.....#
#.!.# ..##.#.....#
#..$#
..##.#.......#...##
#..#.#.#.#####...5#
...#.#..........b.#
##.#.###.#######.h#
#.#.................
##....##.#############
.......#(# #..
####...#.# #.###
####...#.# #...#
......>#.# #...#
####.#.#.# #†..#


You could see Natasha and a cerulean imp (summoned).

Vanquished Creatures
  An adder (D:2)
  A worm (D:2)
  2 dart slugs (D:1)
  An orc (D:1)
  6 bats
  5 endoplasms (D:1)
  3 giant cockroaches (D:1)
  7 hobgoblins (D:1)
  2 quokkas (D:1)
  2 goblins (D:1)
30 creatures vanquished.

Notes
Turn   | Place    | Note
-------+----------+-------------------------------------------
     0 | D:1      | skwerlee the Djinni Shapeshifter began the quest for the
                  | Orb.
     0 | D:1      | Reached XP level 1. HP: 17/17 MP: 0/0
   155 | D:1      | Reached XP level 2. HP: 20/22 MP: 0/0
   479 | D:1      | Reached XP level 3. HP: 24/27 MP: 0/0
   479 | D:1      | Learned a level 1 spell: Summon Small Mammal
   534 | D:1      | You are sucked into a shaft and drop 1 floor!
  1061 | D:2      | Reached XP level 4. HP: 23/32 MP: 0/0
  1174 | D:2      | Noticed Natasha
  1186 | D:2      | Slain by a cerulean imp

Illustrated notes

Levels and vault maps discovered:
D:1:      dpeg_arrival_shrine, layout_loops_cross
D:2:      layout_basic, basic_altar, uniq_natasha

Skill      XL: |  1  2 |
---------------+-------+-----
Shapeshifting  | 3 |  3.1
Fighting       | |  1.1
Dodging        | |  2.5
Stealth        | |  0.2
Unarmed Combat | |  3.9

Action                     |  1- 3 |  4- 6 || total
---------------------------+-------+-------++-------
  Melee: Unarmed           |   105 |     9 ||   114
   Stab: Sleeping          |     2 |       ||     2
 Armour: Animal skin       |    58 |       ||    58
         Skin              |       |     7 ||     7
  Dodge: Dodged            |    58 |    12 ||    70

Table legend: (Time is in decaauts)
 A = Elapsed time spent in this place.
 B = Non-inter-level travel time spent in this place.
 C = Inter-level travel time spent in this place.
 D = Time resting spent in this place.
 E = Time spent auto-exploring this place.
 F = Levels seen in this place.
 G = Mean time per level.
                   A        B        C        D        E       F      G
               +--------+--------+--------+--------+--------+-----+--------+
         Total |   1182 |   1174 |      8 |    105 |    847 |   2 |  591.0 |
       Dungeon |   1182 |   1174 |      8 |    105 |    847 |   2 |  591.0 |
               +--------+--------+--------+--------+--------+-----+--------+

Top non-repeatable levels by time:
     D:1: 872 daAuts
     D:2: 309 daAuts
